 Dungeon Crawl Stone Soup version 0.22-a0-525-gf69a080 (webtiles) character file.

26 4thArraOfDagon the Conjurer (level 2, 1/11 HPs)
             Began as a Felid Conjurer on June 20, 2018.
             Quit the game on level 4 of the Dungeon.
             The game lasted 00:03:24 (529 turns).

4thArraOfDagon the Conjurer (Felid Conjurer)         Turns: 529, Time: 00:03:24

Health: 1/11       AC:  1    Str:  2 (4)  XL:     2   Next: 89%
Magic:  1/6        EV: 18    Int: 20 (21) God:
Gold:   24         SH:  0    Dex: 13 (16) Spells: 4/5 levels left
                                        Lives:  0   Deaths: 0

rFire    . . .     SeeInvis +     - Unarmed
rCold    . . .     Gourm    .   (shield unavailable)
rNeg     . . .     Faith    .   (armour unavailable)
rPois    .         Spirit   .   (helmet unavailable)
rElec    .         Reflect  .   (cloak unavailable)
rCorr    .         Harm     .   (gloves unavailable)
MR       .....                  (boots unavailable)
Stlth    ++........             (no amulet)
HPRegen  0.03/turn              (no ring)
MPRegen  0.10/turn              (no ring)

@: brilliant, lethally poisoned (1 -> -14), quick
A: very small, no armour, no weapons or thrown items, stealth, claws 1, fangs 3,
see invisible, carnivore, speed 1, shaggy fur 1, slow metabolism 1, sharp paws
a: no special abilities


You were on level 4 of the Dungeon.
You were completely stuffed.

You visited 1 branch of the dungeon, and saw 4 of its levels.

You collected 24 gold pieces.

Inventory:

Scrolls
 a - a scroll of immolation {unknown}
 e - 2 scrolls of enchant armour {unknown}
 g - a scroll of blinking {unknown}
Potions
 c - a potion of brilliance
Comestibles
 b - a ration
 h - 3 chunks of flesh


   Skills:
 + Level 3.4 Dodging
 - Level 2.6 Stealth
 * Level 2.1 Unarmed Combat
 - Level 2.0 Spellcasting
 - Level 3.6 Conjurations


You had 4 spell levels left.
You knew the following spells:

 Your Spells              Type           Power        Failure   Level  Hunger
a - Magic Dart            Conj           ####         1%          1    #......

Your spell library contained the following spells:

 Spells                   Type           Power        Failure   Level  Hunger
 Iskenderun's Mystic Bla  Conj           ####....     4%          4    #####..
 Fulminant Prism          Conj/Hex       ###.......   9%          4    #####..
 Dazzling Spray           Conj/Hex       ###...       2%          3    ###....
 Force Lance              Conj/Tloc      ###.....     9%          4    #####..
 Searing Ray              Conj           ####..       1%          2    ##.....


Dungeon Overview and Level Annotations

Branches:
Dungeon (4/15)
 Temple: D:4-7

Altars:


Innate Abilities, Weirdness & Mutations

You cannot wear armour.
You are incapable of wielding weapons or throwing items.
Your paws allow you to move quietly. (Stealth)
You have sharp claws.
You have razor-sharp teeth.
You have supernaturally acute eyesight. (SInv)
You are carnivorous and can eat meat at any time.
You cover ground quickly.
You are covered in fur. (AC +1)
You have a slow metabolism.
Your sharp claws are effective at attacking unaware monsters.


Message History

* * * LOW HITPOINT WARNING * * *
You feel sick.
You see here a throwing net.
Unknown command.
Casting: Magic Dart (safe; 1% risk of failure)
Confirm with . or Enter, or press ? or * to list all spells.
Aiming: Magic Dart (safe; 1% risk of failure)
Press: ? - help, Shift-Dir - straight line, f/p - worker ant
Aim: a worker ant (moderately wounded)
The magic dart hits the worker ant.
The worker ant is moderately wounded.
* * * LOW HITPOINT WARNING * * *
You feel sick.
Unknown command.
Unknown command.
Unknown command.
Unknown command.
Unknown command.
Unknown command.
Are you sure you want to abandon this character and quit the game? (Confirm with "yes".)

.... .... .....
... ... #.###
## #...# ?##
#@######..####.
#aa.....#......
#######.......#
##.a.....S...#
#..#######.#..
#.## .. ##.# ..
##..# #
####..##


You could see 2 worker ants.

Vanquished Creatures
  An ooze (D:1)
  A leopard gecko (D:2)
  An orc (D:3)
  A hobgoblin (D:2)
  2 quokkas
  6 bats
  2 frilled lizards
  A goblin (D:2)
  4 kobolds
19 creatures vanquished.

Notes
Turn   | Place    | Note
-------+----------+-------------------------------------------
     0 | D:1      | 4thArraOfDagon the Felid Conjurer began the quest for the Orb.
     0 | D:1      | Reached XP level 1. HP: 7/7 MP: 4/4
    61 | D:1      | Reached skill level 1 in Unarmed Combat
    91 | D:1      | Reached XP level 2. HP: 11/11 MP: 0/6
   529 | D:4      | Quit the game

Vault maps used:
D:1:      dpeg_arrival_chambers_temple_mockup
D:2:      uniq_terence, uniq_jessica
D:3:      first_ration
D:4:      serial_shops, shop_fountains, nemelex_lonely_heart_becter,
          uniq_natasha, uniq_menkaure

Skill      XL: |  1  2 |
---------------+-------+-----
Dodging        | 3 |  3.4
Unarmed Combat | 1 2 |  2.1
Stealth        | |  2.6
Spellcasting   | |  2.0
Conjurations   | |  3.6

Action                   || total
-------------------------++-------
Melee: Unarmed           ||    15
 Cast: Magic Dart        ||    40
  Use: Potion            ||     4
 Stab: Sleeping          ||     1
  Eat: Chunk             ||     7
Armor: Skin              ||     4
Dodge: Dodged            ||    45

Table legend:
 A = Spawn XP
 B = Non-spawn XP
 C = Spawn XP percentage of total XP
 D = Spawn monster count
 E = Non-spawn monster count
 F = Spawn count percentage of total count
 G = Total turns spent on level
                    A         B        C        D         E        F      G
               +---------+---------+-------+---------+---------+-------+---------
         Total |       0 |      38 |   0.0 |       0 |      19 |   0.0 |   529
               +---------+---------+-------+---------+---------+-------+---------
           D:1 |       0 |      15 |   0.0 |       0 |       7 |   0.0 |   155
           D:2 |       0 |      18 |   0.0 |       0 |      10 |   0.0 |   277
           D:3 |       0 |       5 |   0.0 |       0 |       2 |   0.0 |    65
               +---------+---------+-------+---------+---------+-------+---------
